 Dungeon Crawl Stone Soup version 0.31.0-11-ge490571c62 (webtiles) character file.

Game seed: 9798405376118083008

4 James the Grave Robber (level 1, 0/10 HPs)
             Began as a Deep Elf Necromancer on Feb 9, 2024.
             Killed from afar by a dart slug (6 damage)
             ... with a slug dart
             ... on level 1 of the Dungeon.
             The game lasted 00:01:29 (260 turns).

James the Grave Robber (Deep Elf Necromancer)        Turns: 260, Time: 00:01:29

Health: 0/10       AC:  2    Str:  5    XL:     1   Next: 58%
Magic:  6/6        EV: 12    Int: 19    God:
Gold:   44         SH:  0    Dex: 15    Spells: 5/6 levels left

rFire   . . .        k - +0 dagger
rCold   . . .        (no shield)
rNeg    . . .        a - +0 robe
rPois   .            (no helmet)
rElec   .            (no cloak)
rCorr   .            (no gloves)
SInv    .            (no boots)
Will    .....        (no amulet)
Stlth   ++           (no ring)
HPRegen 0.21/turn    (no ring)
MPRegen 0.10/turn

%: no passive effects
@: no status effects
A: no striking features
a: no special abilities


You were on level 1 of the Dungeon.
You visited 1 branch of the dungeon, and saw 1 of its levels.

You collected 44 gold pieces.

Inventory:

Hand Weapons
 d - a +0 whip
   (You found it on level 1 of the Dungeon)
 k - a +0 dagger (weapon)
   (You took it off a goblin on level 1 of the Dungeon)
Missiles
 i - 9 stones
Armour
 a - a +0 robe (worn)
Scrolls
 c - a scroll of amnesia {unknown}
 e - a scroll of fear {unknown}
 g - a scroll of teleportation {unknown}
 j - a scroll of blinking {unknown}
Potions
 b - a potion of magic
 f - a potion of mutation {unknown}
 h - a potion of degeneration {unknown}


   Skills:
 - Level 2.4 Dodging
 - Level 2.4 Stealth
 * Level 3.4 Spellcasting
 + Level 4.9 Necromancy


You had 5 spell levels left.
You knew the following spells:

 Your Spells              Type           Power      Damage    Failure   Level
a - Necrotise             Necr           88%        1d8       1%          1

Your spell library contained the following spells:

 Spells                   Type           Power      Damage    Failure   Level
 Vampiric Draining        Necr           22%        2d7       6%          3
 Animate Dead             Necr           22%        N/A       19%         4
 Curse of Agony           Necr           22%        N/A       47%         5


Dungeon Overview and Level Annotations

Branches:
Dungeon (1/15)

Altars:


Message History

You now have 19 gold pieces.
Found a scroll labelled GIMU ETWAR.
j - a scroll labelled GIMU ETWAR A ball python comes into view.
Found 4 gold pieces.
A ball python is nearby!
Found 10 gold pieces.
The ball python bites you. The ball python grabs you.
The ball python constricts you.
You see here 4 gold pieces.
You hit the ball python. The ball python bites you.
The ball python constricts you.
You hit the ball python.
You kill the ball python!
You now have 23 gold pieces (gained 4).
You start resting.
A frilled lizard comes into view.
A goblin comes into view. It is wielding a +0 dagger.
The helpless goblin fails to defend itself.
You hit the goblin.
You kill the goblin!
You hit the frilled lizard but do no damage.
The frilled lizard closely misses you. The frilled lizard bites you.
You barely miss the frilled lizard. The frilled lizard barely misses you.
You barely miss the frilled lizard. The frilled lizard barely misses you.
You closely miss the frilled lizard. The frilled lizard closely misses you.
You hit the frilled lizard.
You kill the frilled lizard!
Things that are here:
a +0 dagger; a goblin corpse
k - a +0 dagger
k - a +0 dagger (weapon)
You now have 33 gold pieces (gained 10).
Found 7 stones.
Found 11 gold pieces.
i - 9 stones (gained 7)
You now have 44 gold pieces (gained 11).
Found a scroll labelled ECUEPN BATSU.
A dart slug comes into view.
The dart slug completely misses you.
You hit the dart slug. You hit the dart slug. The dart slug misses you.
You hit the dart slug. The dart slug launches a dart at you.
The slug dart hits you.
You hit the dart slug. The dart slug launches a dart at you.
The slug dart hits you.
Ouch! That really hurt!
You die...

######### #.?.....# ######
#.......# #....#
#..w@...############# #....#
#..............)....# #....#
##########..........#
#....#### #...†......#
#.......###### #...##.#.###
#....##).....######..#.#....
#....#######......##.#.####.
#.........#######......####.
#....####.## ####.#....#.


You could see a dart slug.

Vanquished Creatures
  A goblin (D:1)
  A hobgoblin (D:1)
  2 ball pythons (D:1)
  A frilled lizard (D:1)
5 creatures vanquished.

Notes
Turn   | Place    | Note
-------+----------+-------------------------------------------
     0 | D:1      | James the Deep Elf Necromancer began the quest for the Orb.
     0 | D:1      | Reached XP level 1. HP: 10/10 MP: 6/6
   260 | D:1      | Killed from afar by a dart slug

Illustrated notes

Levels and vault maps discovered:
D:1:      reono_arrival_forest_river, layout_rooms,
          minmay_misc_feat_more_columns

Action                     || total
---------------------------++-------
  Melee: Whip              ||     9
         Dagger            ||     4
   Cast: Necrotise         ||     2
   Stab: Sleeping          ||     2
 Armour: Robe              ||     5
  Dodge: Dodged            ||     6
